 Dungeon Crawl Stone Soup version 0.23.2-33-g5129a83184 (webtiles) character file.

Game seed: 3094422337365242507

341 H0rd4k the Charlatan (level 6, -1/44 HPs)
             Began as a Human Artificer on Aug 9, 2019.
             Slain by an orc
             ... wielding a +0 trident
              (10 damage)
             ... on level 3 of the Dungeon.
             The game lasted 00:06:18 (4263 turns).

H0rd4k the Charlatan (Human Artificer)              Turns: 4263, Time: 00:06:18

Health: -1/44      AC:  5    Str: 15    XL:     6   Next: 87%
Magic:  8/8        EV: 13    Int: 11    God:
Gold:   194        SH:  3    Dex: 13    Spells: 5/5 levels left

rFire    . . .     SeeInvis .   a - +0 short sword
rCold    . . .     Gourm    .   (no shield)
rNeg     . . .     Faith    .   w - +1 leather armour {MR+}
rPois    .         Spirit   .   (no helmet)
rElec    .         Reflect  +   x - +0 cloak
rCorr    .         Harm     .   (no gloves)
MR       +....                  (no boots)
Stlth    ++........             u - +3 amulet of reflection
HPRegen  0.14/turn              (no ring)
MPRegen  0.11/turn              (no ring)

@: no status effects
A: no striking features
a: no special abilities


You were on level 3 of the Dungeon.
You were hungry.

You visited 1 branch of the dungeon, and saw 5 of its levels.

You collected 194 gold pieces.

Inventory:

Hand Weapons
 a - a +0 short sword (weapon)
 n - a +0 dagger of holy wrath
Armour
 b - a +0 leather armour
 l - a +0 cloak
 p - a +0 helmet
 v - a +1 leather armour of fire resistance
 w - a +1 leather armour of magic resistance (worn)
 x - a +0 cloak (worn)
Jewellery
 u - a +3 amulet of reflection (around neck)
Wands
 c - a wand of flame (3)
 d - a wand of enslavement (15)
 e - a wand of random effects (17)
Scrolls
 h - 2 scrolls of teleportation {unknown}
 i - 2 scrolls of fear {unknown}
 j - a scroll of fog {unknown}
 m - 2 scrolls of remove curse {unknown}
 o - a scroll of noise {unknown}
Potions
 g - a potion of lignification {unknown}
 k - 4 potions of curing {unknown}
 q - 2 potions of invisibility {unknown}
 r - a potion of degeneration {unknown}
 s - a potion of haste {unknown}
 t - a potion of heal wounds {unknown}
 z - a potion of flight {unknown}
Comestibles
 f - 12 rations


   Skills:
 + Level 1.9 Fighting
 + Level 3.3 Short Blades
 + Level 2.7 Armour
 + Level 3.0 Dodging
 + Level 2.7 Stealth
 + Level 3.8 Evocations


You had 5 spell levels left.
You didn't know any spells.
Your spell library contained the following spells:

 Spells                   Type           Power        Failure   Level  Hunger
 Beastly Appendage        Tmut           #.....       41%         1    ##.....
 Sticks to Snakes         Tmut           #.......     54%         2    ###....
 Spider Form              Tmut/Pois      #.........   78%         3    ####...
 Ice Form                 Ice/Tmut       #.......     99%         4    #####..
 Blade Hands              Tmut           #.........   100%        5    ######.


Dungeon Overview and Level Annotations

Branches:
Dungeon (5/15)
 Temple: D:4-7

Altars:
Cheibriados
Okawaru
Xom

Shops:
D:5 %

Annotations:
D:1 exclusion: downstairs
D:3 Descartes's ghost, amateur FoFi
D:4 exclusion: upstairs


Message History

The orc barely misses you.
You hit the orc but do no damage.
The orc is heavily wounded.
The orc barely misses you.
You hit the orc.
The orc is heavily wounded.
The orc hits you but does no damage.
You hit the orc but do no damage.
The orc is heavily wounded.
The orc misses you.
You barely miss the orc.
The orc is heavily wounded.
The orc hits you with a +0 trident.
* * * LOW HITPOINT WARNING * * *
You barely miss the orc.
The orc is heavily wounded.
You barely miss the orc.
The orc is heavily wounded.
The orc hits you with a +0 trident!
You die...

# .. ### #### .## ..
... ..... ... #.
#.##.##.# #.#
.##..##o...##.###.#####
##. ......o....##.#....
..# .. #.#####.#.#.#
#.# #.
#).)o@..#.#.###.# #.
######[......##.# #.
#######.##.#..##.# #.
#.....#.##.#..##.#####.
#.###.#.##>............
#...#..............
.###...#.##.##........
#.........##.##.####.#.
#.....###..#..#.# #.#>


You could see an orc.

Vanquished Creatures
  A howler monkey (D:5)
  An orc priest (D:3)
  Jessica (D:2)
  An orc wizard (D:3)
  4 worker ants
  3 gnolls (D:3)
  3 adders
  An adder skeleton (D:4)
  A dart slug (D:3)
  A leopard gecko (D:3)
  5 orcs
  9 bats
  3 giant cockroaches
  7 hobgoblins
  7 jackals
  A quokka (D:2)
  2 ball pythons
  3 frilled lizards
  7 goblins
  4 kobolds
  6 rats
71 creatures vanquished.

Notes
Turn   | Place    | Note
-------+----------+-------------------------------------------
     0 | D:1      | H0rd4k the Human Artificer began the quest for the Orb.
     0 | D:1      | Reached XP level 1. HP: 15/15 MP: 3/3
   364 | D:1      | Reached XP level 2. HP: 21/21 MP: 4/4
  1332 | D:2      | Reached XP level 3. HP: 13/26 MP: 5/5
  1621 | D:2      | Noticed Jessica
  1636 | D:2      | Killed Jessica
  1636 | D:2      | Reached skill level 1 in Armour
  1636 | D:2      | Reached XP level 4. HP: 29/32 MP: 6/6
  3137 | D:4      | Reached XP level 5. HP: 37/37 MP: 7/7
  3348 | D:5      | Entered Level 5 of the Dungeon
  3348 | D:5      | Found Ipsokh's Food Boutique.
  3566 | D:5      | Reached XP level 6. HP: 32/44 MP: 8/8
  4075 | D:3      | Found a snail-covered altar of Cheibriados.
  4080 | D:3      | Found an iron altar of Okawaru.
  4085 | D:3      | Found a shimmering altar of Xom.
  4204 | D:3      | Noticed Descartes's ghost (amateur FoFi)
  4263 | D:3      | Slain by an orc

Skill      XL: |  1  2  3  4  5  6 |
---------------+-------------------+-----
Short Blades   | 2 3 |  3.3
Armour         | 1 2 |  2.7
Stealth        | 2 |  2.7
Dodging        | 3 |  3.0
Fighting       | |  1.9
Evocations     | |  3.8

Action                   |  1- 3 |  4- 6 || total
-------------------------+-------+-------++-------
Melee: Short sword       |    92 |   204 ||   296
Evoke: Wand              |       |    30 ||    30
 Stab: Sleeping          |     1 |     2 ||     3
       Paralysed         |       |     5 ||     5
  Eat: Chunk             |     1 |     9 ||    10
Armor: Leather armour    |    30 |    46 ||    76
Dodge: Dodged            |    53 |   145 ||   198
Block: Other             |       |     6 ||     6
